 Dungeon Crawl Stone Soup version 0.18.1-5-g4a78601 (webtiles) character file.

45 dorian the Ruffian (level 3, 0/28 HPs)
             Began as a Draconian Transmuter on May 12, 2016.
             Slain by Grinder (6 damage)
             ... while paralysed by Grinder
             ... on level 3 of the Dungeon.
             The game lasted 00:02:23 (1450 turns).

dorian the Ruffian (Draconian Transmuter)           Turns: 1450, Time: 00:02:24

Health: 0/28       AC:  5    Str: 12    XL:     3   Next: 42%
Magic:  5/6        EV:  2    Int: 14    God:
Gold:   99         SH:  0    Dex: 11    Spells: 1 memorised, 5 levels left

rFire  . . .     SeeInvis .       - Unarmed
rCold  . . .     Gourm    .     (armour unavailable)
rNeg   . . .     Faith    .     (no shield)
rPois  .         Spirit   .     (helmet restricted)
rElec  .         Dismiss  .     (no cloak)
rCorr  .         Reflect  .     (no gloves)
SustAt .         Harm     .     (boots currently unavailable)
MR     .....                    (no amulet)
Stlth  +.........               (no ring)
                                n - ring of wizardry

@: paralysed, appendage (expiring), not resistant to hostile enchantments, very
unstealthy
A: unfitting armour, talons 3, cold-blooded, AC +5
a: End Transformation


You were on level 3 of the Dungeon.
You were hungry.
You had grown temporary talons.
You visited 1 branch of the dungeon, and saw 3 of its levels.

You collected 99 gold pieces.

Inventory:

Missiles
 a - 20 arrows
Jewellery
 n - a ring of wizardry (left hand)
Wands
 o - a wand of iceblast (11/15)
Scrolls
 g - a scroll of enchant armour {unknown}
 j - a scroll of amnesia {unknown}
 k - 3 scrolls of enchant weapon {unknown}
 l - 2 scrolls of magic mapping {unknown}
Potions
 d - a potion of invisibility {unknown}
 e - a potion of lignification {unknown}
 f - a potion of brilliance {unknown}
 h - a potion of might {unknown}
 m - a potion of ambrosia {unknown}
 p - a potion of haste {unknown}
Books
 b - a book of Changes

   Spells                             Type                      Level
   a - Beastly Appendage              Transmutation                1
   b - Sticks to Snakes               Transmutation                2
   c - Spider Form                    Transmutation/Poison         3
   d - Ice Form                       Ice/Transmutation            4
   e - Blade Hands                    Transmutation                5
Comestibles
 c - 2 bread rations
 i - 2 beef jerkies


   Skills:
 - Level 1.1 Fighting
 - Level 1.7 Dodging
 + Level 4.5 Unarmed Combat
 - Level 2.0 Spellcasting
 - Level 2.0 Transmutations


You had 5 spell levels left.
You knew the following spells:

 Your Spells              Type           Power        Failure   Level  Hunger
a - Beastly Appendage     Trmt           #.....       4%          1    ##.....


Dungeon Overview and Level Annotations

Branches:
Dungeon (3/15)

Altars:
Nemelex Xobeh

Annotations:
D:2 Sigmund
D:3 Grinder


Innate Abilities, Weirdness & Mutations

Your plain brown scales are hard (AC +5).
Your body does not fit into most forms of armour.
You are cold-blooded and may be slowed by cold attacks.
You have claws for feet.


Message History

You closely miss Grinder.
Grinder is lightly wounded.
Grinder gestures at you. Pain shoots through your body!
You closely miss Grinder.
Grinder is lightly wounded.
Grinder barely misses you.
You hit Grinder but do no damage. Your kick misses Grinder.
Grinder is lightly wounded.
You hit Grinder. Your kick misses Grinder.
Grinder is lightly wounded.
Your transformation is almost over.
Grinder gestures at you.
You suddenly lose the ability to move!
Grinder hits you.
You writhe in agony.
Grinder hits you but does no damage. Grinder hits you!
* * * LOW HITPOINT WARNING * * *
You writhe in agony.
You die...

# .... ..... .. # .....
#...#.#(## # .....
#......... # ......#†.##....
# ......#......... #
........####.### #######.#
#########.####.##
.........@.......
#########5####.## .. ..
.........####.##.#..#
#####.#
########............#
...##.# #####.####.##.#.###
...##.# #.................
...##.######.##.............
....................<[..#..#
###....................##..#


You could see Grinder.

Vanquished Creatures
  2 adders (D:3)
  A worm (D:3)
  A dart slug (D:1)
  3 bats
  A giant cockroach (D:3)
  5 goblins
  A hobgoblin (D:1)
  4 jackals (D:2)
  2 kobolds
  A ball python (D:1)
  A giant newt (D:1)
  A rat (D:2)
23 creatures vanquished.

Notes
Turn   | Place    | Note
--------------------------------------------------------------
     0 | D:1      | dorian the Draconian Transmuter began the quest for the Orb.
     0 | D:1      | Reached XP level 1. HP: 16/16 MP: 3/3
   383 | D:1      | Reached XP level 2. HP: 10/23 MP: 5/5
   889 | D:2      | Noticed Sigmund
   931 | D:3      | Reached skill level 4 in Unarmed Combat
   936 | D:3      | Reached XP level 3. HP: 11/28 MP: 6/6
  1270 | D:3      | Found a sparkling altar of Nemelex Xobeh.
  1427 | D:3      | Noticed Grinder
  1432 | D:3      | Paralysed by Grinder for 6 turns
  1447 | D:3      | Paralysed by Grinder for 4 turns
  1450 | D:3      | Slain by Grinder

Skill      XL: |  1  2 |
---------------+-------+-----
Unarmed Combat | 4 |  4.5
Fighting       | |  1.1
Dodging        | |  1.7
Spellcasting   | |  2.0
Transmutations | |  2.0

Action                   || total
-------------------------++-------
Melee: Unarmed           ||    98
       Tailslap          ||     8
       Kick              ||     1
 Cast: Beastly Appendage ||     1
  Use: Potion            ||     2
 Stab: Sleeping          ||     1
  Eat: Chunk             ||     1
Armor: Skin              ||    31
Dodge: Dodged            ||    67
